 Dungeon Crawl Stone Soup version 0.19-a0-1720-gc855d72 (webtiles) character file.

7824 mrath the Basher (level 11, 0/94 HPs)
             Began as a Minotaur Fighter on Sept 29, 2016.
             Was a Believer of Okawaru.
             Slain by an ice devil (4 damage)
             ... on level 11 of the Dungeon on Sept 30, 2016.
             The game lasted 01:06:02 (11607 turns).

mrath the Basher (Minotaur Fighter)                Turns: 11607, Time: 01:06:03

Health: 0/94       AC: 20    Str: 23    XL:     11   Next: 1%
Magic:  13/13      EV:  8    Int:  5    God:    Okawaru [**....]
Gold:   717        SH: 11    Dex: 11    Spells: 0 memorised, 10 levels left

rFire  x . .     SeeInvis +     H - +0 morningstar
rCold  + . .     Gourm    .     D - +0 plate armour
rNeg   . . .     Faith    .     c - +0 shield
rPois  .         Spirit   .     T - +1 hat
rElec  .         Dismiss  +     L - +2 cloak
rCorr  .         Reflect  .     o - +0 pair of gloves
MR     .....     Harm     .     (no boots)
Stlth  ..........               V - amulet of dismissal
                                R - ring of ice
                                g - ring of see invisible

@: no status effects
A: retaliatory headbutt, horns 2
a: Heroism, Renounce Religion


You were on level 11 of the Dungeon.
You worshipped Okawaru.
Okawaru was pleased with you.
You were very hungry.

You visited 2 branches of the dungeon, and saw 12 of its levels.
You also visited: Ice Cave.

You collected 717 gold pieces.

Inventory:

Hand Weapons
 b - the +1 hunting sling of Purpose {venom, rF+}
   (You found it on level 6 of the Dungeon)

   It poisons the ammo it fires.
   It protects you from fire.
 q - a +0 blowgun
 H - a +0 morningstar (weapon)
Missiles
 r - 57 poisoned needles
 y - 3 javelins (quivered)
 P - 8 tomahawks
 S - 36 sling bullets
Armour
 c - a +0 shield (worn)
 o - a +0 pair of gloves (worn)
 D - a +0 plate armour (worn)
 L - a +2 cloak (worn)
 T - a +1 hat (worn)
Jewellery
 g - a ring of see invisible (left hand)
 R - a ring of ice (right hand)
 U - an uncursed ring of fire
 V - an amulet of dismissal (around neck)
Wands
 p - a wand of teleportation (3/9)
 t - a wand of digging (17/24)
 Q - a wand of flame (35/48)
Scrolls
 e - 7 scrolls of identify
 j - 9 scrolls of teleportation
 u - 6 scrolls of remove curse
Potions
 a - a potion of magic {unknown}
 d - a potion of might
 h - 5 potions of heal wounds
 k - 5 potions of curing
 s - 4 potions of haste
 A - a potion of flight
Comestibles
 B - a slice of pizza
 G - 2 royal jellies
 I - 9 fruits


   Skills:
 + Level 8.2 Fighting
 + Level 11.0 Maces & Flails
 + Level 5.9 Throwing
 + Level 7.7 Armour
 + Level 6.0 Dodging
 + Level 7.7 Shields
 + Level 2.0 Invocations
 + Level 5.0 Evocations


You had 10 spell levels left.
You didn't know any spells.

Dungeon Overview and Level Annotations

Branches:
Dungeon (11/15)            Temple (1/1) D:5
   Lair: D:8-11         Orc: D:9-12

Altars:
Ashenzari
Cheibriados
Dithmenos
Elyvilon
Fedhas
Gozag
Hepliaklqana
Kikubaaqudgha
Makhleb
Nemelex Xobeh
Okawaru
Qazlal
Ru
Sif Muna
Trog
Uskayaw
Vehumet
Xom
Yredelemnul
Zin
The Shining One

Shops:
D:7 *


Innate Abilities, Weirdness & Mutations

You reflexively headbutt those who attack you in melee.
You have a pair of horns on your head.


Message History

Your Dodging skill increases to level 6!
Your Invocations skill increases to level 2!
Your Evocations skill increases to level 5!
You have reached level 11!
You block the ice devil's attack.
You barely miss the ice devil. You puncture the ice devil!
The ice devil is lightly wounded.
You block the ice devil's attack.
Your shield and plate armour prevent you from hitting the ice devil.
Your headbutt misses the ice devil.
The ice devil is lightly wounded.
The ice devil hits you.
* * * LOW HITPOINT WARNING * * *
The ice devil freezes you! You resist.
* * * LOW HITPOINT WARNING * * *
The ice devil hits you.
* * * LOW HITPOINT WARNING * * *
The ice devil freezes you. You resist.
You die...

#######....##
##.....#.....## ...
##...........<.#....
###........[....(.....
#.................##.#
#.#...............#
#....................
##..#..............###
#..#.#@)...........# #
#..4#............#
#..#.#.....#.....#...
##..#....#######.....
##.....## .....
####### ...


You could see an ice devil.

Vanquished Creatures
  The ghost of PeterLawrence the Basher, a journeyman MiFi of Okawaru (IceCv)
  A gargoyle (D:10)
  3 ice devils
  A troll (D:10)
  Grinder (D:4)
  A spriggan (D:7)
  Sigmund (D:6)
  4 hungry ghosts
  3 black bears
  2 phantoms
  An orc warrior (D:9)
  3 sky beasts
  7 ogres
  An ice beast (D:6)
  3 centaurs
  6 bullfrogs
  5 big kobolds
  A gnoll sergeant (D:6)
  A wyvern zombie (D:6)
  6 scorpions
  3 wights (D:8)
  3 howler monkeys
  6 crimson imps
  2 bullfrog zombies
  2 centaur zombies
  8 hounds
  A jelly (D:10)
  2 bullfrog skeletons
  4 orc priests
  A centaur skeleton (D:6)
  A gnoll shaman (D:7)
  5 orc wizards
  8 worker ants
  2 hound zombies
  2 hound skeletons
  A mummy (D:5)
  2 worker ant zombies
  Robin (D:2)
  13 gnolls
  13 adders
  A howler monkey skeleton (D:10)
  2 shadow imps
  An adder zombie (D:6)
  An adder skeleton (D:8)
  4 worms
  2 dart slugs (D:1)
  5 leopard geckos
  34 orcs
  7 giant cockroaches
  11 goblins
  9 hobgoblins
  6 jackals
  53 kobolds
  4 quokkas
  3 ball pythons
  9 bats
  3 frilled lizards
  2 hobgoblin zombies (D:5)
  A jackal skeleton (D:7)
  2 orc zombies (D:5)
  8 rats
  A plant (D:7)
301 creatures vanquished.

Notes
Turn   | Place    | Note
-------+----------+-------------------------------------------
     0 | D:1      | mrath the Minotaur Fighter began the quest for the Orb.
     0 | D:1      | Reached XP level 1. HP: 19/19 MP: 0/0
   187 | D:1      | Reached skill level 3 in Maces & Flails
   286 | D:1      | Reached XP level 2. HP: 26/26 MP: 1/1
   966 | D:2      | Reached skill level 4 in Maces & Flails
  1402 | D:2      | Reached XP level 3. HP: 31/31 MP: 2/2
  1441 | D:2      | Reached skill level 5 in Maces & Flails
  1903 | D:2      | Reached XP level 4. HP: 37/39 MP: 3/3
  2108 | D:3      | Reached skill level 6 in Maces & Flails
  2225 | D:3      | Reached XP level 5. HP: 30/45 MP: 4/4
  2375 | D:3      | Noticed Robin
  2429 | D:2      | Killed Robin
  2699 | D:3      | Reached skill level 7 in Maces & Flails
  2865 | D:3      | Found an opulent altar of Gozag.
  2866 | D:3      | Found a sparkling altar of Nemelex Xobeh.
  2965 | D:4      | Noticed a black bear
  3400 | D:4      | Noticed Grinder
  3401 | D:4      | Paralysed by Grinder for 4 turns
  3430 | D:4      | Reached XP level 6. HP: 51/51 MP: 5/5
  3433 | D:4      | Paralysed by Grinder for 7 turns
  3451 | D:4      | Paralysed by Grinder for 2 turns
  3454 | D:4      | Killed Grinder
  3454 | D:4      | Reached skill level 9 in Maces & Flails
  3494 | D:4      | Reached XP level 7. HP: 32/58 MP: 6/6
  3633 | D:4      | Reached skill level 1 in Throwing
  3633 | D:4      | Reached skill level 1 in Dodging
  4241 | D:4      | Reached skill level 1 in Evocations
  4409 | D:4      | Reached XP level 8. HP: 64/67 MP: 7/7
  4821 | D:5      | Entered Level 5 of the Dungeon
  4923 | D:5      | Reached skill level 5 in Fighting
  5218 | D:5      | Found a shattered altar of Ashenzari.
  5397 | D:5      | Found a staircase to the Ecumenical Temple.
  5703 | Temple   | Entered the Ecumenical Temple
  6081 | D:6      | Noticed Sigmund
  6087 | D:6      | Killed Sigmund
  6087 | D:6      | Reached skill level 5 in Armour
  6087 | D:6      | Reached skill level 5 in Shields
  6526 | D:6      | Reached XP level 9. HP: 58/75 MP: 8/10
  6623 | D:6      | Got a translucent hunting sling
  6847 | D:6      | Reached skill level 10 in Maces & Flails
  7185 | D:6      | You fall through a shaft for 2 floors!
  7271 | D:8      | Found an iron altar of Okawaru.
  7271 | D:8      | Found a blossoming altar of Fedhas.
  7279 | D:8      | Became a worshipper of Warmaster Okawaru
  8134 | D:7      | Reached * piety under Okawaru
  8224 | D:7      | Found Yqolulug's General Store.
  8644 | Temple   | Identified the +1 hunting sling of Purpose {venom, rF+} (You found it on level 6 of the Dungeon)
  8928 | D:8      | Reached XP level 10. HP: 75/86 MP: 11/11
  9006 | D:8      | Reached skill level 5 in Dodging
  9229 | D:8      | Reached ** piety under Okawaru
  9239 | D:8      | Found an ancient bone altar of Kikubaaqudgha.
  9288 | D:8      | Found a radiant altar of Vehumet.
  9289 | D:8      | Found a burning altar of Makhleb.
  9637 | D:9      | Reached skill level 5 in Throwing
  9762 | D:9      | Noticed a red ugly thing
 10455 | D:10     | Entered Level 10 of the Dungeon
 10748 | D:10     | Noticed a gargoyle
 10758 | D:10     | Killed a gargoyle
 10972 | D:10     | Reached skill level 1 in Invocations
 11511 | D:11     | Found a frozen archway.
 11536 | IceCv    | Entered an ice cave
 11536 | IceCv    | Noticed PeterLawrence's ghost (journeyman MiFi)
 11563 | IceCv    | Killed PeterLawrence's ghost
 11563 | IceCv    | Reached skill level 11 in Maces & Flails
 11576 | IceCv    | Noticed ThereIsNoGod's ghost (adept MiGl)
 11604 | D:11     | Reached skill level 5 in Evocations
 11604 | D:11     | Reached XP level 11. HP: 18/94 MP: 13/13
 11607 | D:11     | HP: 4/94 [ice devil (5)]
 11607 | D:11     | Slain by an ice devil

Vault maps used:
D:1:      lightli_arrival_chessboard
D:2:      roderic_greek_sauvastika
D:3:      grunt_temple_overflow_opulence, first_bread, uniq_robin
D:4:      minmay_goblin_kobold_castle, uniq_grinder
D:5:      nicolae_ashenzari_panopticon,
          hangedman_abyss_or_decor_jellyfish_corner, minmay_mini_ossuary
D:6:      uniq_sigmund
D:7:      old_forge, serial_shops, nicolae_shop_competitors_out_of_business,
          the_bakery
D:8:      grunt_temple_overflow_lords_of_destruction, minitemple, basic_altar
D:11:     erik_lair_dragon, david_orc_2, portal_ice_cave_entry_pillars_2,
          hangedman_abyss_or_decor_stagger
Temple:   nicolae_temple_great_sept
IceCv:    ice_cave_tombish

Skill      XL: |  1  2  3  4  5  6  7  8  9 10 |
---------------+-------------------------------+-----
Maces & Flails | 3 4 5 6 7 9 10 11 | 11.0
Fighting       | 4 5 7 8 |  8.2
Throwing       | 1 3 4 5 |  5.9
Armour         | 4 5 6 7 |  7.7
Dodging        | 2 3 4 6 |  6.0
Shields        | 4 5 6 7 |  7.7
Evocations     | 1 2 3 5 |  5.0
Invocations    | 2 |  2.0

Action                   |  1- 3 |  4- 6 |  7- 9 | 10-12 || total
-------------------------+-------+-------+-------+-------++-------
Melee: Flail             |    72 |   163 |   531 |       ||   766
       Headbutt          |    17 |    28 |   116 |    45 ||   206
       Morningstar       |       |       |    15 |   244 ||   259
Throw: Stone             |     2 |     7 |       |       ||     9
       Javelin           |       |     3 |    35 |    22 ||    60
       Tomahawk          |       |       |       |     1 ||     1
Invok: Heroism           |       |       |       |     6 ||     6
  Use: Potion            |     3 |     1 |       |       ||     4
       Scroll            |       |     1 |     4 |     3 ||     8
  Eat: Chunk             |     3 |     6 |    19 |    11 ||    39
Armor: Scale mail        |    24 |       |       |       ||    24
       Chain mail        |    15 |   113 |     9 |       ||   137
       Plate armour      |       |       |   236 |   106 ||   342
Dodge: Dodged            |    22 |    45 |   145 |    42 ||   254
Block: Shield            |    37 |    93 |   283 |   133 ||   546
